Map: Rooftop Terrace

Players

phenyx

  • Race: Terran Terran
  • Spawn Location: 1:00

Infamous

  • Race: Protoss Protoss
  • League: Silver
  • Spawn Location: 11:00

AnthonyOSX

  • Race: Protoss Protoss
  • Spawn Location: 12:00

Dragunov

  • Race: Protoss Protoss
  • Spawn Location: 12:00

DonaldMac

  • Race: Zerg Zerg
  • Spawn Location: 7:00

Timezup

  • Race: Terran Terran
  • Spawn Location: 5:00

bill

  • Race: Zerg Zerg
  • Spawn Location: 6:00

Chuty

  • Race: Terran Terran
  • League: Silver
  • Spawn Location: 6:00

VOD

Have the link to the VOD?

Description

Time

  • Played on: March 13, 2018, 3:29 p.m.
  • Length: 27:34
Show
View Real Time Build Order
Export as new Build Order

phenyx Terran 

Build Orders:  

Get SALT Encoding   

  12  0:33  SCV  
  13  0:37  Supply Depot  
  13  0:45  SCV  
  14  0:57  SCV  
  15  1:10  Supply Depot  
  15  1:13  SCV  
  16  1:23  Refinery  
  16  1:25  SCV  
  17  1:37  SCV  
  18  1:46  Barracks  
  18  1:49  SCV  
  19  2:01  SCV  
  20  2:25  SCV  
  21  2:31  Refinery  
  21  2:37  SCV  
  21  2:42  Command Center  
  23  2:48  Reaper  
  23  2:49  SCV  
  24  3:01  SCV  
  25  3:20  Reaper  
  26  3:38  Engineering Bay  
  26  3:52  Reaper  
  26  3:55  Orbital Command  
  27  4:21  SCV  
  28  4:24  Reaper  
  29  4:34  SCV  
  30  4:46  SCV  
  30  4:47  Missile Turret  
  31  4:56  Reaper  
  31  4:58  SCV  
  33  5:07  Missile Turret  
  33  5:10  SCV  
  34  5:27  Missile Turret  
  34  5:28  Reaper  
  35  5:47  Missile Turret  
  35  6:00  Reaper  
  36  6:08  Missile Turret  
  36  6:14  Terran Infantry Weapons Level 1  
  36  6:20  Factory  
  36  6:24  Ghost Academy  
  36  6:26  Orbital Command  
  36  6:28  Missile Turret  
  36  6:37  Marine  
  37  6:49  Missile Turret  
  37  6:55  Marine  
  38  7:13  Marine  
  34  7:30  Marine  
  35  7:43  Starport  
  35  7:48  Marine, Factory Tech Lab, Armory  
  36  8:06  Marine  
  36  8:12  Bunker  
  37  8:24  Marine  
  38  8:33  Refinery  
  38  8:42  Marine  
  38  8:43  Bunker  
  38  8:45  Command Center  
  38  8:48  SCV  
  40  9:00  Marine, SCV  
  42  9:12  SCV  
  42  9:14  Bunker  
  43  9:17  Marine  
  44  9:24  SCV  
  45  9:35  Marine  
  46  9:39  Missile Turret  
  46  9:45  Bunker  
  46  9:56  Marine, Viking  
  46  9:57  SCV  
  50  10:14  Marine  
  50  10:17  Bunker  
  50  10:18  Supply Depot  
  51  10:26  Viking  
  53  10:32  Marine  
  53  10:34  Terran Ship Weapons Level 1  
  54  10:41  Supply Depot  
  54  10:42  Missile Turret  
  54  10:46  SCV  
  55  10:58  SCV  
  55  11:04  Supply Depot  
  56  11:10  SCV  
  57  11:11  Fusion Core  
  57  11:20  Starport Reactor  
  57  11:22  SCV  
  58  11:26  Supply Depot  
  58  11:47  Orbital Command  
  58  11:51  Supply Depot  
  58  11:54  Missile Turret  
  58  12:07  Starport  
  58  12:14  Supply Depot  
  58  12:17  Viking x2  
  62  12:47  Viking x2  
  66  12:54  Missile Turret  
  66  13:01  Starport Tech Lab  
  66  13:15  Missile Turret  
  66  13:16  Marine  
  66  13:17  Viking x2  
  71  13:33  Supply Depot, Marine  
  72  13:35  Missile Turret  
  72  13:47  Viking x2  
  76  13:51  Marine  
  77  13:56  Supply Depot  
  77  14:01  Missile Turret  
  77  14:09  Marine  
  78  14:19  Battlecruiser  
  78  14:20  Supply Depot  
  78  14:21  Missile Turret  
  84  14:34  Starport  
  84  14:36  Viking x2  
  88  14:41  Missile Turret  
  88  14:44  Supply Depot  
  88  14:58  Terran Ship Weapons Level 2  
  88  15:06  Viking x2  
  92  15:07  Supply Depot  
  92  15:08  Hi-Sec Auto Tracking  
  92  15:12  Starport Tech Lab  
  92  15:23  Battlecruiser  
  98  15:31  Starport  
  98  15:33  Supply Depot  
  98  15:35  Viking  
  98  15:36  Viking  
  102  15:56  Supply Depot  
  102  16:00  Refinery  
  102  16:05  Viking  
  102  16:06  Viking  
  106  16:17  Battlecruiser  
  112  16:19  Supply Depot  
  112  16:20  Starport Tech Lab  
  112  16:24  Refinery  
  112  16:27  Battlecruiser  
  118  16:43  Supply Depot  
  118  17:06  Supply Depot  
  118  17:14  Refinery  
  118  17:21  Battlecruiser  
  118  17:22  Terran Ship Weapons Level 3  
  124  17:29  Supply Depot  
  124  17:31  Battlecruiser  
  130  17:53  Supply Depot  
  100  18:15  Supply Depot  
  100  18:17  Missile Turret  
  100  18:25  Battlecruiser  
  106  18:29  Viking x2  
  110  18:36  Battlecruiser  
  110  18:38  Supply Depot  
  110  18:39  Weapon Refit  
  116  18:59  Viking x2  
  116  19:01  Supply Depot  
  120  19:23  Supply Depot  
  120  19:28  Battlecruiser  
  120  19:29  Viking x2  
  120  19:30  Battlecruiser  
  136  19:45  Battlecruiser  
  142  19:59  Viking x2  
  146  20:12  Terran Vehicle And Ship Armor Level 1  
  146  20:29  Viking x2  
  150  20:59  Viking x2  
  154  21:17  Battlecruiser  
  160  21:28  Viking  
  160  21:29  Viking  
  160  21:32  Battlecruiser  
  170  22:14  Viking x2  
  174  22:17  Terran Vehicle And Ship Armor Level 2  
  180  22:37  Battlecruiser  
  180  22:43  Viking  
  182  22:57  Viking x2  
  186  23:13  Viking  
  58  26:42  Viking  
  58  26:44  Viking  
  58  26:46  Viking  
  64  26:49  Viking x2  
Show
View Real Time Build Order
Export as new Build Order

Infamous Protoss 

Build Orders: Zealot Archon 

Get SALT Encoding   

  13  0:07  Probe  
  13  0:15  Pylon  
  13  0:20  Probe  
  14  0:35  Gateway  
  14  0:37  Probe (Chrono Boost)  
  15  0:47  Probe (Chrono Boost)  
  16  1:03  Probe  
  17  1:07  Assimilator  
  17  1:23  Cybernetics Core  
  17  1:24  Pylon  
  17  1:47  Probe  
  17  1:48  Zealot  
  20  1:59  Probe  
  20  2:00  Gateway  
  21  2:04  Gateway  
  21  2:06  Warp Gate (Chrono Boost)  
  21  2:07  Gateway  
  21  2:15  Probe  
  22  2:16  Assimilator  
  22  2:20  Adept (Chrono Boost)  
  23  2:36  Pylon  
  23  2:43  Probe  
  24  2:55  Probe  
  24  2:57  Shield Battery  
  25  3:02  Forge  
  25  3:15  Adept x3  
  31  3:30  Probe  
  32  3:38  Photon Cannon  
  32  3:54  Probe  
  33  4:05  Twilight Council  
  33  4:06  Sentry x2  
  33  4:07  Pylon, Sentry  
  39  4:25  Probe  
  40  4:37  Nexus  
  40  4:40  Probe  
  41  4:49  Templar Archives  
  41  4:58  Stalker  
  43  5:05  Protoss Ground Weapons Level 1 (Chrono Boost)  
  43  5:29  Probe  
  43  5:32  Zealot  
  43  5:34  Pylon  
  46  5:37  Assimilator  
  46  5:40  Assimilator  
  46  5:50  Probe x2  
  48  6:02  Probe x2  
  50  6:14  Probe  
  50  6:15  Stalker x3  
  50  6:16  Stalker  
  59  6:36  Probe x2  
  59  6:39  Protoss Ground Armor Level 1 (Chrono Boost)  
  61  6:45  Pylon  
  61  6:52  High Templar  
  61  6:53  High Templar x2  
  67  6:58  Archon  
  67  7:06  Probe x2  
  69  7:12  Robotics Facility  
  69  7:16  High Templar  
  71  7:24  Archon  
  71  7:28  Probe  
  72  7:34  Gateway  
  72  7:36  Gateway  
  72  7:37  Sentry  
  72  7:38  Gateway, Sentry  
  76  7:50  Probe  
  77  7:57  Probe  
  78  7:58  Dark Shrine  
  78  8:07  Pylon  
  78  8:09  Shield Battery  
  78  8:22  Pylon  
  78  8:25  Pylon, Observer  
  78  8:26  Probe  
  78  8:27  Probe  
  81  8:36  Photon Cannon  
  81  8:38  High Templar x2  
  85  8:45  Sentry x2  
  89  8:52  Archon  
  89  9:12  Gateway  
  89  9:15  High Templar x2  
  93  9:18  Zealot x2  
  93  9:19  Gateway  
  97  9:27  Archon  
  97  9:36  Observer (Chrono Boost)  
  97  9:48  Pylon  
  97  9:53  Stalker x2  
  97  9:55  Pylon  
  101  10:19  Dark Templar x5  
  111  10:29  Zealot x3  
  117  10:39  Protoss Ground Weapons Level 2 (Chrono Boost)  
  117  10:51  Shadow Stride  
  117  10:55  Forge  
  117  11:13  Pylon  
  117  11:16  Pylon  
  117  11:31  Immortal  
  121  11:50  Stalker  
  121  11:51  Stalker x5  
  133  11:55  Nexus  
  133  11:56  Pylon  
  133  11:58  Pylon  
  105  12:54  Stalker x4  
  105  12:55  Stalker x4  
  105  13:07  Probe (Chrono Boost)  
  105  13:12  Probe x2 (Chrono Boost)  
  108  13:16  Protoss Ground Armor Level 2 (Chrono Boost)  
  108  13:18  Protoss Ground Weapons Level 3 (Chrono Boost)  
  109  13:21  Probe (Chrono Boost)  
  109  13:32  Sentry x6  
  109  13:33  Sentry  
  123  13:38  Stalker  
  125  13:55  Gateway  
  125  13:57  Gateway  
  125  13:58  Probe x2  
  125  13:59  Probe, Gateway  
  125  14:01  Gateway  
  128  14:03  Pylon  
  128  14:08  Pylon  
  128  14:14  Assimilator  
  128  14:16  Assimilator  
  128  14:19  Stalker  
  130  14:59  Probe x2  
  132  15:00  Probe  
  132  15:06  Stalker  
  132  15:07  Stalker x5  
  137  15:08  Stalker x5  
  153  15:34  Stalker x3  
  153  15:35  Stalker  
  153  15:36  Stalker x5  
  115  16:06  Stalker x4  
  115  16:07  Stalker x3  
  115  16:08  Stalker x2  
  133  16:11  Sentry  
  133  16:12  Sentry  
  137  16:26  Protoss Shields Level 1 (Chrono Boost), Protoss Ground Armor Level 3 (Chrono Boost)  
  137  16:39  Stalker x2  
  141  16:40  Stalker x2  
  69  17:23  Dark Templar x4  
  69  17:24  Dark Templar  
  79  17:38  Stalker x2  
  79  17:39  Stalker  
  85  18:10  Stalker x4  
  85  18:11  Stalker x3  
  99  18:13  Zealot  
  99  18:15  Zealot x4  
  101  18:47  Dark Templar x3  
  93  19:05  Dark Templar  
  93  19:06  Zealot  
  93  19:08  Zealot x5  
  85  19:26  Zealot  
  85  19:27  Zealot x3  
  93  19:57  Dark Templar x4  
  93  19:58  Dark Templar  
  103  20:42  Nexus  
  103  20:47  Pylon x3  
  103  21:00  Cybernetics Core  
  41  21:55  Dark Templar x3  
  41  21:56  Dark Templar x2  
  42  22:15  Photon Cannon x3  
  42  22:17  Pylon x2  
  42  22:19  Photon Cannon  
  42  22:23  Assimilator  
  42  22:28  Assimilator  
  36  25:45  Stalker  
  38  25:53  Probe  
  39  26:05  Probe  
  40  26:17  Probe  
  41  26:35  Stalker x3  
  41  26:37  Zealot  
  41  26:38  Zealot x3  
  41  26:39  Zealot x3  
Show
View Real Time Build Order
Export as new Build Order

AnthonyOSX Protoss 

Build Orders: 1 Gate Expand 

Get SALT Encoding   

  12  0:01  Probe (Chrono Boost)  
  13  0:11  Probe (Chrono Boost)  
  14  0:22  Pylon  
  14  0:26  Probe  
  15  0:31  Assimilator  
  15  0:40  Probe, Assimilator  
  16  0:55  Gateway  
  16  0:56  Probe  
  17  1:13  Probe  
  17  1:16  Forge  
  18  1:25  Probe  
  19  1:43  Nexus  
  19  1:54  Pylon  
  19  1:58  Probe  
  20  2:06  Pylon  
  20  2:10  Probe  
  21  2:23  Probe  
  21  2:28  Photon Cannon  
  21  2:29  Photon Cannon  
  22  3:03  Cybernetics Core  
  22  3:10  Photon Cannon  
  22  3:13  Pylon  
  22  3:19  Photon Cannon  
  22  3:23  Probe (Chrono Boost)  
  24  3:35  Probe (Chrono Boost)  
  24  3:39  Probe (Chrono Boost)  
  25  3:50  Pylon, Probe  
  26  3:57  Photon Cannon  
  26  4:02  Probe  
  27  4:05  Shield Battery  
  27  4:14  Protoss Air Weapons Level 1, Stargate  
  27  4:16  Protoss Shields Level 1  
  27  4:20  Probe (Chrono Boost)  
  28  4:27  Assimilator  
  28  4:30  Probe (Chrono Boost)  
  29  4:32  Assimilator  
  29  4:35  Probe (Chrono Boost)  
  30  4:47  Probe (Chrono Boost)  
  31  4:53  Probe (Chrono Boost)  
  32  5:01  Pylon, Probe  
  32  5:03  Cybernetics Core  
  33  5:07  Fleet Beacon  
  33  5:12  Stargate  
  33  5:13  Probe (Chrono Boost)  
  34  5:25  Probe (Chrono Boost)  
  35  5:30  Probe (Chrono Boost)  
  36  5:39  Probe  
  37  5:45  Twilight Council  
  37  5:48  Robotics Facility  
  37  5:51  Probe  
  38  6:07  Protoss Air Armor Level 1 (Chrono Boost)  
  38  6:18  Stargate  
  38  6:20  Stargate  
  38  6:21  Stargate  
  38  6:24  Pylon  
  38  6:33  Pylon  
  38  6:45  Photon Cannon  
  38  6:48  Shield Battery  
  38  7:07  Tempest  
  38  7:08  Tempest x2  
  56  7:18  Tempest  
  62  7:29  Nexus  
  62  7:34  Assimilator  
  62  7:39  Protoss Shields Level 2  
  62  7:40  Assimilator  
  62  7:56  Protoss Air Weapons Level 2 (Chrono Boost)  
  62  8:03  Observer  
  63  8:33  Tempest  
  69  8:38  Tempest  
  75  8:58  Probe (Chrono Boost)  
  76  9:07  Protoss Air Armor Level 2 (Chrono Boost)  
  76  9:08  Probe (Chrono Boost)  
  77  9:13  Probe (Chrono Boost), Observer  
  79  9:23  Tempest  
  85  9:24  Probe  
  86  9:36  Probe  
  87  10:09  Protoss Air Weapons Level 3 (Chrono Boost)  
  87  10:16  Tempest  
  93  10:26  Probe  
  94  10:38  Probe  
  95  10:46  Tempest x2  
  107  10:50  Probe  
  108  11:02  Pylon x2  
  108  11:04  Pylon  
  108  11:05  Pylon  
  108  11:07  Pylon  
  108  11:14  Protoss Air Armor Level 3  
  108  11:20  Tempest  
  87  13:23  Tempest x2  
  87  13:24  Tempest x3  
  117  13:36  Nexus  
  117  13:46  Assimilator  
  117  13:52  Pylon  
  117  13:57  Pylon  
  117  13:59  Pylon  
  117  14:00  Nexus, Protoss Shields Level 3 (Chrono Boost)  
  117  14:13  Tempest x3 (Chrono Boost)  
  135  14:24  Tempest (Chrono Boost)  
  141  14:30  Pylon x2  
  141  14:32  Pylon  
  141  14:55  Shield Battery  
  141  14:56  Shield Battery  
  141  14:59  Shield Battery  
  141  15:04  Photon Cannon x2  
  141  15:06  Photon Cannon  
  141  15:09  Assimilator  
  141  15:11  Assimilator  
  141  15:14  Probe (Chrono Boost)  
  142  15:24  Probe (Chrono Boost)  
  143  15:29  Probe (Chrono Boost)  
  144  15:40  Probe  
  139  15:52  Probe  
  140  16:12  Tempest x3  
  140  16:13  Tempest  
  156  19:05  Pylon  
  156  19:07  Pylon  
  156  19:09  Pylon  
  152  19:23  Pylon  
  152  19:25  Pylon  
  152  19:31  Pylon x2  
  152  19:34  Tempest x3  
  152  19:35  Tempest x2  
  182  19:40  Pylon x2  
  182  20:11  Stargate  
  182  20:12  Stargate  
  182  20:19  Photon Cannon  
  182  20:46  Tempest (Chrono Boost)  
  182  20:47  Tempest (Chrono Boost)  
  182  20:48  Tempest (Chrono Boost)  
  92  21:37  Tempest (Chrono Boost)  
  110  21:47  Tempest x2 (Chrono Boost)  
  110  22:13  Probe (Chrono Boost)  
  112  22:22  Probe (Chrono Boost)  
  112  22:28  Probe  
  113  22:30  Photon Cannon  
  113  22:31  Photon Cannon  
  113  22:34  Photon Cannon  
  113  22:40  Probe  
  114  22:52  Probe  
  115  23:18  Probe (Chrono Boost)  
  116  23:29  Probe (Chrono Boost)  
  116  23:33  Probe (Chrono Boost)  
  117  23:34  Photon Cannon  
  117  23:35  Photon Cannon  
  117  23:38  Photon Cannon  
  117  23:39  Photon Cannon  
  116  23:41  Shield Battery  
  116  23:44  Probe, Shield Battery  
  116  23:48  Shield Battery  
  112  23:56  Probe  
  111  24:32  Photon Cannon  
  111  24:33  Photon Cannon  
  110  24:54  Tempest x3 (Chrono Boost)  
  110  24:58  Tempest (Chrono Boost)  
  134  25:09  Photon Cannon x2  
  134  26:29  Photon Cannon  
  134  26:31  Photon Cannon  
Show
View Real Time Build Order
Export as new Build Order

Dragunov Protoss 

Build Orders:  

Get SALT Encoding   

  12  0:12  Pylon  
  12  0:33  Forge  
  12  0:41  Pylon  
  12  0:47  Probe (Chrono Boost)  
  14  0:57  Probe (Chrono Boost)  
  14  1:02  Probe (Chrono Boost)  
  15  1:04  Pylon  
  15  1:14  Photon Cannon  
  15  1:53  Pylon  
  15  2:02  Gateway  
  15  2:12  Photon Cannon  
  15  2:14  Photon Cannon  
  15  2:37  Photon Cannon  
  15  2:38  Photon Cannon  
  15  2:43  Photon Cannon  
  15  2:47  Pylon  
  14  3:16  Photon Cannon  
  14  3:18  Photon Cannon  
  14  3:25  Probe (Chrono Boost)  
  16  3:34  Cybernetics Core  
  16  3:35  Probe (Chrono Boost)  
  16  3:40  Pylon, Probe (Chrono Boost)  
  17  3:51  Probe  
  17  3:52  Pylon  
  18  3:57  Pylon  
  18  4:01  Assimilator  
  18  4:03  Probe  
  18  4:06  Assimilator  
  19  4:16  Probe  
  20  4:28  Probe  
  20  4:30  Photon Cannon  
  21  4:33  Photon Cannon  
  21  4:40  Probe  
  22  4:53  Probe  
  23  5:12  Nexus  
  23  5:34  Stargate  
  23  5:48  Assimilator  
  23  5:51  Assimilator  
  23  6:03  Stargate  
  23  6:05  Stargate  
  23  6:17  Photon Cannon  
  23  6:18  Photon Cannon  
  23  6:22  Photon Cannon  
  23  6:24  Photon Cannon  
  23  6:28  Pylon  
  23  6:35  Probe  
  24  6:47  Probe  
  25  6:58  Pylon  
  25  7:06  Probe  
  26  7:19  Probe  
  27  7:23  Stargate  
  27  7:28  Stargate  
  27  7:31  Probe, Stargate  
  28  7:42  Pylon  
  28  7:43  Probe  
  29  7:55  Probe  
  30  8:07  Probe (Chrono Boost)  
  31  8:18  Probe (Chrono Boost)  
  32  8:23  Probe (Chrono Boost)  
  32  8:25  Nexus  
  33  8:34  Probe  
  34  8:38  Cybernetics Core  
  34  8:46  Probe  
  35  9:27  Fleet Beacon  
  35  9:45  Assimilator  
  35  9:47  Assimilator  
  35  9:54  Protoss Air Weapons Level 1 (Chrono Boost)  
  35  9:55  Protoss Air Armor Level 1 (Chrono Boost)  
  35  10:00  Protoss Shields Level 1 (Chrono Boost)  
  35  10:19  Pylon  
  35  10:20  Pylon  
  35  10:22  Pylon  
  35  10:32  Twilight Council  
  35  10:48  Tempest x4  
  35  10:49  Tempest  
  65  12:01  Robotics Facility  
  65  12:12  Tempest x2  
  65  12:13  Tempest x3  
  95  12:47  Protoss Air Weapons Level 2 (Chrono Boost)  
  95  12:49  Protoss Air Armor Level 2 (Chrono Boost)  
  95  12:52  Protoss Shields Level 2 (Chrono Boost)  
  95  12:54  Tempest  
  101  13:15  Probe  
  103  13:27  Probe  
  103  13:39  Probe  
  104  13:52  Probe  
  105  14:01  Tempest x3  
  123  14:57  Pylon  
  123  15:01  Pylon  
  123  15:02  Protoss Air Weapons Level 3 (Chrono Boost)  
  123  15:03  Pylon  
  123  15:05  Protoss Air Armor Level 3 (Chrono Boost)  
  123  15:08  Pylon  
  123  15:11  Pylon  
  123  15:14  Tempest  
  123  15:18  Protoss Shields Level 3 (Chrono Boost)  
  123  15:19  Tempest x2  
  141  16:25  Tempest  
  147  16:26  Tempest x2  
  141  18:02  Tempest  
  141  18:03  Tempest x3  
  165  18:16  Tempest  
  165  18:19  Tempest  
  160  18:41  Observer  
  160  18:46  Robotics Bay  
  154  18:50  Pylon  
  154  18:51  Pylon  
  154  18:52  Pylon  
  154  18:54  Pylon  
  149  19:02  Observer  
  149  19:43  Tempest x4  
  173  20:05  Observer Gravitic Boosters  
  173  21:58  Tempest  
  173  21:59  Tempest x3  
  185  23:38  Tempest x2  
  141  25:17  Tempest x4  
  141  25:18  Tempest x2  
  177  25:25  Warp Prism  
  179  25:29  Gravitic Drive  
  179  26:00  Tempest x3  
Show
View Real Time Build Order
Export as new Build Order

DonaldMac Zerg 

Build Orders: Hatch First, Lurkers 

Get SALT Encoding   

  12  0:41  Overlord  
  12  0:42  Drone, Hatchery  
  12  0:45  Drone  
  13  0:58  Drone  
  15  1:04  Drone  
  15  1:17  Drone, Spawning Pool  
  15  1:21  Extractor  
  14  1:25  Drone  
  15  1:36  Drone  
  16  1:51  Drone  
  16  1:54  Drone  
  18  1:58  Drone  
  19  2:05  Drone  
  20  2:11  Drone  
  20  2:13  Extractor  
  20  2:16  Zergling x2  
  20  2:21  Drone  
  22  2:27  Lair  
  22  2:30  Zergling x4  
  24  2:39  Drone  
  24  2:42  Drone  
  26  2:48  Drone  
  27  2:52  Drone  
  28  3:00  Overlord  
  28  3:18  Queen  
  28  3:19  Drone  
  31  3:20  Drone x3, Extractor  
  31  3:23  Drone  
  34  3:36  Infestation Pit  
  34  3:37  Drone x2  
  35  3:42  Spore Crawler  
  35  3:45  Queen  
  35  3:48  Overlord  
  36  3:54  Burrow  
  36  3:56  Metabolic Boost  
  36  4:01  Overlord  
  36  4:07  Drone  
  36  4:08  Drone x3  
  40  4:23  Drone x2, Hive, Hydralisk Den  
  41  4:30  Zergling x2  
  41  4:31  Zergling x2  
  43  4:35  Drone  
  43  4:36  Drone x2  
  43  4:38  Drone  
  47  4:41  Drone  
  47  4:42  Extractor  
  47  4:47  Drone  
  47  4:49  Drone  
  49  4:57  Overlord  
  49  4:59  Overlord  
  49  5:01  Drone  
  49  5:03  Drone  
  49  5:05  Drone, Pneumatized Carapace  
  52  5:12  Overlord x2  
  52  5:19  Grooved Spines  
  52  5:24  Hydralisk  
  52  5:27  Hydralisk  
  56  5:32  Hydralisk  
  56  5:34  Hydralisk  
  60  5:41  Hydralisk  
  62  5:43  Hydralisk  
  62  5:45  Hydralisk  
  62  5:48  Hydralisk  
  68  5:51  Hydralisk  
  68  5:56  Drone  
  71  5:59  Hydralisk, Evolution Chamber  
  72  6:04  Hydralisk  
  74  6:14  Hydralisk  
  74  6:15  Hydralisk x2  
  74  6:18  Hydralisk  
  80  6:22  Drone  
  80  6:23  Drone  
  84  6:27  Zerg Missile Weapons Level 1  
  84  6:30  Muscular Augments  
  84  6:36  Overlord  
  84  6:37  Overlord  
  84  6:45  Lurker Den  
  83  6:55  Drone  
  83  6:56  Drone x4  
  83  6:57  Drone, Hatchery  
  88  7:07  Hydralisk x2  
  92  7:10  Pathogen Glands  
  92  7:23  Extractor  
  92  7:24  Drone  
  92  7:25  Drone, Extractor  
  92  7:28  Overlord  
  92  7:29  Overlord  
  92  7:30  Overseer  
  92  7:35  Hydralisk x3  
  92  7:36  Hydralisk  
  100  7:40  Overlord  
  100  7:43  Overlord  
  100  7:53  Nydus Network  
  99  8:01  Drone x4  
  103  8:05  Hydralisk  
  103  8:06  Hydralisk  
  103  8:10  Infestor  
  103  8:12  Infestor  
  109  8:19  Drone  
  112  8:20  Drone  
  113  8:29  Infestor  
  115  8:44  Lurker x3  
  115  8:45  Lurker  
  119  8:51  Drone x2  
  119  8:52  Drone x7, Overlord  
  119  8:54  Queen  
  130  9:00  Lurker x2  
  132  9:03  Lurker  
  133  9:18  Lurker x2  
  133  9:22  Lurker  
  136  9:39  Nydus Canal  
  136  9:42  Overlord x2  
  136  9:43  Overlord x7  
  136  9:48  Hatchery  
  135  10:01  Drone x3  
  138  10:09  Infestor x3  
  144  10:33  Extractor x2, Infestor  
  144  10:34  Infestor x3  
  150  10:42  Neural Parasite  
  150  10:56  Infestor  
  152  11:07  Nydus Canal  
  152  11:21  Hydralisk  
  152  11:22  Hydralisk  
  152  11:23  Hydralisk x7  
  167  12:00  Infestor x5  
  171  12:25  Nydus Canal  
  153  13:11  Drone x19  
  153  13:13  Hydralisk  
  153  13:14  Hydralisk x8  
  171  13:33  Hydralisk  
  171  13:34  Hydralisk x2  
  177  13:43  Hydralisk  
  177  13:44  Hydralisk x2  
  183  13:51  Adaptive Talons  
  183  13:53  Zerg Missile Weapons Level 2, Infestor  
  183  13:57  Adrenal Glands  
  183  14:04  Overlord x4  
  183  14:14  Overlord  
  183  14:15  Overlord x4  
  183  14:23  Hydralisk x2  
  187  14:31  Hydralisk x3  
  193  14:57  Nydus Canal  
  139  15:39  Hydralisk  
  139  15:40  Hydralisk x8  
  157  15:43  Nydus Canal  
  148  16:04  Hydralisk x6  
  157  16:24  Nydus Canal  
  157  16:29  Hydralisk x6  
  169  16:33  Hydralisk  
  169  16:36  Hydralisk  
  169  16:37  Hydralisk  
  157  17:21  Drone x9  
  157  17:22  Drone x2, Overlord  
  157  17:23  Overlord x5  
  157  17:44  Drone x4  
  157  17:45  Hydralisk  
  157  17:46  Hydralisk x3  
  165  18:00  Hatchery  
  158  18:10  Hatchery  
  157  18:12  Hatchery  
  154  18:31  Infestor  
  154  18:32  Infestor x5  
  166  18:39  Hatchery  
  165  18:45  Hydralisk  
  165  18:46  Hydralisk  
  163  19:01  Hydralisk x2  
  135  19:18  Zergling x10  
  120  19:24  Zergling x2  
  120  19:25  Zergling x4  
  120  19:27  Zergling x2  
  120  19:28  Zergling x2  
  125  19:31  Evolution Chamber  
  125  19:32  Evolution Chamber  
  125  19:37  Hatchery  
  122  19:50  Zergling x20  
  130  20:01  Hatchery  
  130  20:05  Zergling x2  
  130  20:06  Zergling x10  
  135  20:07  Zergling x2  
  135  20:08  Zergling x2  
  135  20:09  Zergling x2  
  135  20:13  Zergling x2  
  139  20:22  Zergling x16  
  139  20:27  Zergling x4  
  149  20:31  Zergling x6  
  147  20:37  Zergling x2  
  147  20:38  Zergling x2, Infestor  
  147  20:39  Infestor  
  151  20:50  Zergling x2  
  151  20:51  Zergling x10  
  151  20:53  Zergling x4  
  158  21:14  Zergling x2  
  158  21:15  Zergling x18  
  161  21:30  Zergling x2  
  161  21:31  Zergling x8  
  156  21:33  Zergling x2  
  139  21:46  Zergling x2  
  139  21:47  Zergling x12  
  116  22:13  Drone x16  
  116  22:15  Zergling x8  
  113  22:16  Zergling x8, Hatchery  
  115  22:29  Zergling x8  
  72  23:17  Zergling x2  
  72  23:18  Zergling x24  
  72  23:19  Zergling x2  
  86  23:36  Zergling x12  
  86  23:37  Zergling x2  
  86  23:40  Zergling x2  
  94  23:42  Zergling x2  
  95  23:51  Zergling x8  
  95  23:53  Zergling x2  
  95  23:54  Zergling x2  
  101  23:56  Zergling x2  
  101  23:58  Zergling x2  
  101  24:02  Zergling x4  
  105  24:03  Zergling x2  
  105  24:04  Zergling x2  
  105  24:09  Zergling x6  
  110  24:10  Zergling x2  
  110  24:15  Zergling x4  
  110  24:16  Zergling x4  
  112  24:18  Zergling x2  
  112  24:20  Zergling x2  
  106  24:30  Zergling x2  
  106  24:31  Zergling x10  
  107  24:38  Zergling x2  
  107  24:39  Zergling x10  
  100  25:01  Spire  
  100  25:06  Hydralisk  
  94  25:07  Hydralisk x6  
  94  25:10  Hydralisk  
  94  25:13  Hydralisk  
  111  25:26  Hydralisk x3  
  117  25:28  Hydralisk  
  117  25:31  Hydralisk  
  121  25:35  Hydralisk  
  121  25:37  Extractor  
  121  25:38  Hydralisk  
  121  25:39  Extractor  
  123  25:50  Hydralisk x3  
  125  26:09  Hydralisk  
  125  26:10  Hydralisk x5  
  137  26:11  Hydralisk  
  136  26:26  Hydralisk x3  
  136  26:27  Hydralisk  
  142  26:39  Zergling x16  
  135  26:40  Zergling x2  
  135  26:43  Hydralisk  
  135  26:46  Hydralisk  
Show
View Real Time Build Order
Export as new Build Order

Timezup Terran 

Build Orders: Mech 

Get SALT Encoding   

  12  0:09  SCV  
  13  0:21  SCV  
  13  0:26  Supply Depot  
  14  0:33  SCV  
  15  1:09  Barracks  
  15  1:17  SCV  
  16  1:29  SCV  
  17  1:32  Barracks  
  17  1:38  Supply Depot  
  17  1:41  SCV  
  18  1:53  SCV  
  19  1:56  Refinery  
  19  2:01  Supply Depot, Refinery  
  19  2:05  SCV  
  20  2:17  SCV  
  21  2:23  Supply Depot  
  21  2:28  Marine x2  
  21  2:29  SCV  
  24  2:41  SCV  
  25  2:46  Marine x2  
  25  2:48  Factory  
  27  3:00  Orbital Command  
  27  3:04  Marine x2  
  29  3:13  Factory  
  29  3:22  Marine x2  
  31  3:41  SCV  
  32  3:49  Marine, Reaper  
  32  3:53  SCV  
  35  3:57  Factory Tech Lab  
  35  3:59  Factory Tech Lab  
  35  4:05  SCV  
  35  4:07  Reaper  
  37  4:10  Factory  
  37  4:14  Supply Depot  
  37  4:17  SCV  
  37  4:21  Reaper  
  39  4:29  SCV  
  40  4:39  Siege Tank  
  40  4:42  Siege Tank  
  46  4:55  Factory Tech Lab  
  46  5:01  Supply Depot  
  46  5:23  Supply Depot  
  46  5:29  Cyclone x2  
  52  5:47  Supply Depot  
  52  6:19  Armory  
  52  6:25  Starport  
  52  6:41  Engineering Bay  
  52  6:46  Siege Tank  
  55  7:04  Starport  
  55  7:09  SCV  
  56  7:18  Starport  
  56  7:22  SCV  
  57  7:26  Missile Turret  
  57  7:34  SCV  
  58  7:48  Missile Turret  
  58  8:07  Thor  
  58  8:11  Thor  
  70  8:16  Hellbat  
  72  8:38  Hellbat  
  74  8:51  Hellbat  
  74  8:55  Hellbat  
  78  8:59  Hellbat  
  80  9:09  Viking  
  82  9:10  Viking x2  
  82  9:12  Hellbat  
  82  9:16  Hellbat  
  90  9:20  Hellbat  
  92  9:32  Supply Depot  
  92  9:34  Hellbat  
  92  9:38  Hellbat  
  96  9:39  Viking  
  96  9:42  Hellbat  
  100  9:55  Hellbat  
  100  9:59  Hellbat  
  104  10:12  Liberator x2  
  110  10:41  Terran Vehicle Weapons Level 1  
  110  10:58  Missile Turret  
  110  11:17  Missile Turret  
  110  12:25  Starport Tech Lab x3  
  102  13:55  Terran Vehicle Weapons Level 2  
  102  14:03  Thor  
  108  14:11  Missile Turret  
  108  14:22  Supply Depot  
  108  14:30  Missile Turret  
  108  14:43  Thor  
  114  14:45  Supply Depot  
  114  14:48  Raven  
  122  16:47  Thor  
  122  16:55  Thor  
  118  17:38  Siege Tank  
Show
View Real Time Build Order
Export as new Build Order

bill Zerg 

Build Orders: Pool First 

Get SALT Encoding   

  12  0:10  Drone  
  12  0:11  Drone  
  14  0:37  Spawning Pool  
  14  0:39  Evolution Chamber  
  14  0:42  Drone x2  
  14  0:49  Extractor  
  13  0:50  Drone  
  13  0:55  Extractor  
  13  0:56  Drone  
  14  1:32  Hatchery  
  13  1:34  Drone  
  13  1:36  Overlord  
  14  1:40  Overlord  
  14  1:54  Drone  
  15  2:07  Drone  
  15  2:08  Drone  
  17  2:18  Drone  
  18  2:33  Drone  
  18  2:36  Hatchery  
  18  2:43  Drone  
  19  2:52  Drone  
  20  3:02  Drone  
  21  3:06  Drone x2  
  21  3:07  Drone  
  21  3:11  Drone  
  25  3:19  Drone  
  26  3:23  Drone  
  26  3:26  Lair  
  27  3:33  Drone  
  28  3:36  Drone  
  28  3:41  Roach Warren  
  28  3:46  Drone  
  29  3:49  Drone  
  29  3:51  Drone  
  31  3:57  Spine Crawler  
  30  4:03  Hatchery  
  29  4:11  Spore Crawler  
  29  4:12  Drone x2  
  29  4:14  Drone x2  
  32  4:17  Drone  
  32  4:18  Drone x2  
  32  4:22  Extractor x2  
  32  4:23  Lair  
  33  4:29  Spore Crawler  
  32  4:34  Spine Crawler  
  31  4:39  Spore Crawler  
  31  4:44  Spine Crawler  
  29  4:46  Drone x2  
  29  4:48  Drone  
  29  4:49  Drone  
  29  4:51  Drone  
  34  4:55  Drone  
  34  4:57  Drone  
  34  4:59  Drone  
  37  5:03  Drone  
  37  5:04  Drone  
  39  5:22  Spire  
  39  5:26  Infestation Pit  
  37  5:31  Drone x2, Hydralisk Den  
  37  5:34  Drone x3  
  41  5:36  Drone x3  
  41  5:38  Drone  
  41  5:39  Drone  
  41  5:41  Overlord  
  46  5:45  Overlord  
  46  5:55  Nydus Network  
  45  6:03  Zerg Ground Armor Level 1  
  45  6:04  Baneling Nest  
  44  6:19  Drone x9  
  53  6:31  Drone x3  
  56  6:37  Zerg Flyer Armor Level 1  
  56  6:43  Mutalisk  
  56  6:45  Mutalisk  
  60  6:51  Mutalisk  
  62  6:59  Mutalisk  
  64  7:10  Hatchery  
  64  7:11  Extractor x2  
  64  7:13  Hatchery  
  64  7:15  Hatchery  
  59  7:24  Mutalisk x2  
  59  7:26  Overlord  
  59  7:29  Overlord x3  
  63  7:40  Overseer  
  63  7:42  Overseer  
  63  7:47  Overseer  
  63  8:02  Hive  
  63  8:05  Metabolic Boost  
  63  8:11  Zerg Melee Weapons Level 1  
  63  8:15  Mutalisk  
  65  8:22  Mutalisk, Overlord  
  67  8:29  Zergling x2  
  67  8:30  Zergling x12  
  67  8:31  Zerg Flyer Weapons Level 1  
  74  8:41  Mutalisk x2  
  78  8:50  Mutalisk  
  80  9:01  Mutalisk  
  82  9:09  Mutalisk  
  84  9:18  Mutalisk  
  86  9:27  Mutalisk  
  88  9:48  Mutalisk x2  
  92  9:54  Mutalisk  
  94  10:17  Drone x2  
  94  10:18  Drone  
  94  10:20  Drone  
  94  10:21  Overlord x2  
  98  10:27  Adrenal Glands  
  98  10:32  Zerg Flyer Armor Level 2  
  98  10:36  Zergling x2  
  98  10:37  Zergling x16  
  107  10:43  Hive  
  107  10:54  Overlord  
  107  10:55  Overlord x6  
  107  10:56  Overlord  
  107  10:57  Zergling x14  
  108  11:02  Mutalisk x2  
  108  11:03  Mutalisk  
  120  11:21  Zerg Melee Weapons Level 2  
  120  11:27  Mutalisk  
  122  11:40  Lurker Den  
  121  11:56  Ultralisk Cavern  
  120  12:05  Mutalisk  
  120  12:06  Mutalisk x2  
  126  12:23  Mutalisk x2  
  126  12:24  Mutalisk  
  83  12:44  Zergling x2  
  83  12:45  Zergling x18  
  83  12:46  Ultralisk  
  83  12:48  Mutalisk, Zerg Flyer Weapons Level 2  
  83  12:49  Mutalisk  
  85  13:05  Mutalisk x2  
  87  13:06  Mutalisk  
  91  13:13  Mutalisk  
  91  13:19  Mutalisk  
  95  13:34  Ultralisk  
  101  13:44  Ultralisk  
  107  14:21  Ultralisk x3  
  121  14:26  Zergling x14  
  121  14:27  Zergling x22  
  139  14:54  Ultralisk  
  139  14:55  Ultralisk  
  139  14:58  Ultralisk  
  157  15:10  Zerg Melee Weapons Level 3  
  157  15:22  Ultralisk  
  157  15:27  Zergling x8  
  157  15:28  Zergling x24  
  176  15:29  Zergling x8  
  183  15:39  Ultralisk  
  183  15:42  Mutalisk  
  103  16:07  Corruptor  
  103  16:08  Corruptor x3  
  103  16:11  Corruptor  
  113  16:18  Corruptor  
  113  16:24  Corruptor  
  117  16:29  Corruptor  
  119  16:36  Corruptor  
  119  16:39  Zergling x20  
  99  17:01  Ultralisk  
  99  17:06  Ultralisk  
  80  17:54  Corruptor x3  
  80  17:55  Corruptor x2  
  90  17:59  Zergling x2  
  90  18:00  Zergling x28  
  90  18:01  Zergling x2  
  94  18:15  Zergling x2  
  94  18:16  Zergling x12  
  94  18:18  Ultralisk  
  82  18:52  Hatchery x2  
  73  18:56  Extractor, Hatchery  
  56  19:12  Zerg Flyer Weapons Level 3  
  56  19:14  Zerg Ground Armor Level 2  
  53  19:21  Drone  
  53  19:22  Drone x2  
  56  19:36  Chitinous Plating  
  56  19:49  Zergling x6  
  56  19:50  Zergling x10  
  56  19:51  Ultralisk  
  70  19:53  Zergling x2  
  70  19:54  Zergling x8  
  75  20:24  Spore Crawler  
  75  20:25  Spore Crawler  
  75  20:26  Spore Crawler  
  75  20:27  Ultralisk  
  78  20:47  Corruptor  
  66  20:57  Zergling x2  
  66  20:58  Zergling x18  
  66  20:59  Zergling x10  
  66  21:00  Zergling x2  
  79  21:07  Zergling x2  
  79  21:08  Zergling x4  
  79  21:09  Zergling x2  
  79  21:11  Zergling x2  
  57  21:30  Zerg Missile Weapons Level 1  
  52  21:46  Zergling x2  
  53  21:47  Zergling x14  
  53  21:48  Zergling x16  
  53  21:49  Zergling x2, Zerg Flyer Armor Level 3  
  70  22:01  Zergling x4  
  70  22:02  Zergling x8  
  70  22:08  Baneling  
  61  22:09  Baneling  
  57  22:19  Zergling x12  
  57  22:21  Zergling x2  
  64  22:24  Zergling x2  
  65  22:31  Zergling x6  
  65  22:32  Zergling x2  
  64  22:49  Zergling x6  
  64  22:50  Zergling x10  
  66  23:03  Zergling x2  
  66  23:04  Zergling x10  
  72  23:06  Zergling x2  
  41  23:36  Zergling x2  
  41  23:37  Zergling x22  
  41  23:40  Zergling x2  
  50  23:42  Zergling x2  
  47  24:34  Ultralisk x2  
  47  24:35  Mutalisk  
  47  24:37  Zergling x2  
  47  24:38  Zergling x2  
  63  24:42  Zergling x2  
  64  24:46  Zergling x2  
  64  24:49  Zergling x2  
  64  24:50  Extractor  
  64  24:52  Extractor  
  64  24:56  Spore Crawler  
  55  25:15  Spore Crawler  
  55  25:16  Spore Crawler  
  55  25:20  Spore Crawler  
  44  25:25  Ultralisk  
  47  25:58  Lair  
  47  26:08  Mutalisk x3  
  53  26:14  Mutalisk  
  54  26:52  Ultralisk  
  54  26:53  Zergling x2  
  54  26:54  Zergling x10  
Show
View Real Time Build Order
Export as new Build Order

Chuty Terran 

Build Orders:  

Get SALT Encoding   

  12  0:03  SCV  
  13  0:15  SCV  
  14  0:27  Supply Depot  
  14  0:45  SCV  
  15  0:57  SCV  
  15  0:58  Engineering Bay  
  16  1:07  Barracks  
  16  1:09  SCV  
  17  1:12  Supply Depot  
  17  1:18  Supply Depot  
  17  1:21  SCV  
  16  3:34  SCV  
  17  3:46  SCV  
  18  3:56  Refinery  
  18  3:58  SCV  
  18  4:00  Refinery  
  19  4:05  Marine  
  20  4:16  Supply Depot  
  20  4:22  Marine  
  21  4:40  Marine  
  22  4:58  Marine  
  23  5:05  Command Center  
  23  5:27  Barracks Reactor  
  23  5:33  Factory  
  23  5:36  Command Center  
  23  6:03  SCV  
  24  6:15  SCV  
  25  6:20  Starport  
  25  6:21  Factory Reactor  
  25  6:22  Factory Tech Lab  
  25  6:28  SCV  
  25  6:29  Armory  
  25  6:31  Armory  
  26  6:40  SCV  
  27  6:49  Sensor Tower  
  27  6:52  SCV  
  28  7:00  SCV  
  29  7:12  SCV  
  30  7:24  SCV  
  31  7:31  Sensor Tower  
  31  7:37  Starport Tech Lab  
  31  7:42  Fusion Core  
  31  7:45  SCV  
  31  7:50  SCV  
  33  7:57  SCV  
  34  8:02  SCV  
  35  8:09  SCV  
  36  8:14  SCV  
  37  8:21  SCV  
  37  8:22  Refinery  
  37  8:25  Refinery  
  38  8:31  Refinery  
  38  8:33  SCV, Refinery  
  40  8:34  SCV  
  40  8:46  SCV x2  
  40  8:47  Battlecruiser  
  48  8:55  Terran Ship Weapons Level 1  
  48  8:56  Terran Vehicle And Ship Armor Level 1  
  48  8:58  SCV x2  
  50  9:10  SCV x2  
  52  9:22  SCV x2  
  54  9:34  SCV x2  
  56  9:46  SCV x2  
  56  9:51  Starport  
  58  9:58  SCV x2  
  60  10:10  SCV  
  60  10:11  SCV  
  62  10:22  Starport  
  62  10:31  Starport Tech Lab  
  62  10:32  Starport  
  62  10:38  Supply Depot  
  62  10:49  SCV  
  63  11:01  SCV  
  63  11:02  Battlecruiser x2  
  63  11:03  Starport Tech Lab  
  76  11:10  Starport, Terran Ship Weapons Level 2  
  76  11:12  Terran Vehicle And Ship Armor Level 2  
  76  11:13  SCV  
  76  11:15  Starport Tech Lab  
  77  11:24  Battlecruiser  
  83  11:26  SCV  
  83  11:30  Supply Depot  
  84  11:38  SCV  
  85  11:50  Command Center  
  85  12:02  Orbital Command  
  85  12:04  Orbital Command  
  85  12:07  Starport Tech Lab  
  85  12:14  Starport, Weapon Refit  
  85  12:18  Supply Depot  
  85  12:21  Orbital Command  
  85  12:37  Battlecruiser  
  85  12:40  Battlecruiser  
  97  12:44  Supply Depot  
  97  12:55  Starport Tech Lab  
  97  13:02  Battlecruiser x3  
  115  13:06  Supply Depot  
  115  13:30  Supply Depot  
  115  14:08  Supply Depot  
  115  14:47  Terran Ship Weapons Level 3  
  115  14:49  Terran Vehicle And Ship Armor Level 3  
  115  15:01  Command Center  
  115  15:06  Battlecruiser x3  
  115  15:07  Battlecruiser x3  
  151  15:17  Supply Depot  
  151  15:41  Supply Depot  
  151  16:05  SCV  
  152  16:16  Supply Depot  
  152  16:17  SCV  
  153  16:24  Refinery  
  153  16:29  SCV  
  154  16:41  SCV  
  155  16:49  Battlecruiser x3  
  155  16:50  Battlecruiser x2  
  155  16:53  SCV  
  181  19:09  Battlecruiser  
  187  19:38  Battlecruiser  
  187  19:39  Battlecruiser  
  199  20:59  Battlecruiser  
  199  21:00  Battlecruiser  
  187  22:04  Raven x3  
  150  24:52  Battlecruiser x6  
Tags
 
Add a new tag
Caveats
  • Supply blocks, unpowered buildings, or Contaminate may cause inaccurate times.
  • Supply counts are checked every 10 seconds.